 Dungeon Crawl Stone Soup version 0.31-a0-986-g5e6e4ef867 (webtiles) character file.

Game seed: 11547950755195388404

170 pokeman the Magician (level 5, 0/29 HPs)
             Began as a Deep Elf Hedge Wizard on Nov 22, 2023.
             Slain by a sleepcap (3 damage)
             ... on level 4 of the Dungeon.
             The game lasted 00:03:55 (3634 turns).

pokeman the Magician (Deep Elf Hedge Wizard)        Turns: 3634, Time: 00:03:56

Health: 0/29       AC:  3    Str:  7    XL:     5   Next: 25%
Magic:  2/15       EV: 13    Int: 21    God:
Gold:   173        SH:  0    Dex: 14    Spells: 4/16 levels left

rFire   . . .        f - +2 whip (flame)
rCold   . . .        (no shield)
rNeg    . . .        b - +0 robe
rPois   .            c - +0 hat
rElec   .            (no cloak)
rCorr   .            l - +0 pair of gloves
SInv    .            (no boots)
Will    .....        (no amulet)
Stlth   ++           j - ring of wizardry
HPRegen 0.24/turn    k - ring of flight
MPRegen 0.14/turn

%: wizardry (x1)
@: flying
A: no striking features
a: no special abilities


You were on level 4 of the Dungeon.
You visited 1 branch of the dungeon, and saw 4 of its levels.

You collected 173 gold pieces.

Inventory:

Hand Weapons
 f - a +2 whip of flaming (weapon)
Armour
 b - a +0 robe (worn)
 c - a +0 hat (worn)
 l - a +0 pair of gloves (worn)
Jewellery
 j - a ring of wizardry (left hand)
 k - a ring of flight (right hand)
Scrolls
 e - a scroll of immolation {unknown}
 g - a scroll of enchant armour {unknown}
 i - 6 scrolls of identify {unknown}
 n - a scroll of silence {unknown}
 p - a scroll of amnesia {unknown}
 q - a scroll of fog {unknown}
Potions
 a - a potion of curing {unknown}
 d - a potion of magic
 h - 3 potions of heal wounds {unknown}
 m - a potion of mutation {unknown}
 o - 2 potions of berserk rage {unknown}


   Skills:
 - Level 1.0 Fighting
 - Level 1.1 Armour
 - Level 3.0 Dodging
 - Level 3.0 Stealth
 * Level 6.2 Spellcasting
 + Level 2.5 Conjurations
 - Level 1.1 Summonings
 - Level 1.1 Translocations
 + Level 0.0 Fire Magic
 + Level 0.0 Air Magic
 + Level 0.4 Poison Magic


You had 4 spell levels left.
You knew the following spells:

 Your Spells              Type           Power      Damage    Failure   Level
a - Magic Dart            Conj           68%        1d6       1%          1
b - Mephitic Cloud        Conj/Pois/Air  10%        N/A       8%          3
c - Call Imp              Summ           22%        N/A       4%          2
d - Blink                 Tloc           22%        N/A       4%          2
e - Flame Wave            Conj/Fire      12%        2d6       22%         4

Your spell library contained the following spells:

 Spells                   Type           Power      Damage    Failure   Level
 Slow                     Hex            24%        N/A       4%          1
 Cigotuvi's Dreadful Rot  Necr/Pois/Air  14%        N/A       6%          2
 Ensorcelled Hibernation  Hex/Ice        12%        N/A       6%          2
 Passwall                 Tmut/Erth      5%         N/A       6%          2
 Inner Flame              Hex/Fire       6%         N/A       12%         3
 Swiftness                Air            6%         N/A       12%         3
 Sticky Flame             Conj/Fire      12%        2d4       22%         4


Dungeon Overview and Level Annotations

Branches:
Dungeon (4/15)
 Temple: D:4-7

Altars:
Makhleb


Message History

Aim: a sleepcap (heavily damaged, 100% to hit)
The magic dart hits the sleepcap.
The sleepcap is heavily damaged.
Casting: Magic Dart (safe; 1% risk of failure)
Confirm with . or Enter, or press ? or * to list all spells.
Aiming: Magic Dart (safe; 1% risk of failure)
Press: ? - help, Shift-Dir - straight line, f/p - sleepcap
Aim: a sleepcap (heavily damaged, 100% to hit)
The magic dart hits the sleepcap.
The sleepcap is severely damaged.
The sleepcap misses you.
Unknown command.
Casting: Magic Dart (safe; 1% risk of failure)
Confirm with . or Enter, or press ? or * to list all spells.
Casting: Flame Wave (extremely dangerous; 22% risk of failure)
Press: ? - help, Dir - look around, f - activate A wave of flame ripples out!
The flame wave engulfs the sleepcap.
The sleepcap is severely damaged.
The tree burns like a torch!
The flame wave engulfs the plant!
The plant begins to die.
The plant is lightly damaged. (Press . to intensify the flame waves.)
The plant is engulfed in a cloud of scalding steam.
The sleepcap releases spores at you.
You are engulfed in a cloud of soporific spores!
You fall asleep.
You are engulfed in a cloud of scalding steam.
The plant is engulfed in a cloud of scalding steam.
The plant begins to die.
The plant is engulfed in a cloud of scalding steam.
The sleepcap is engulfed in a cloud of scalding steam.
The sleepcap releases spores at you!
You wake up.
You are engulfed in a cloud of soporific spores!
You are unaffected.
You are engulfed in a cloud of scalding steam.
* * * LOW HITPOINT WARNING * * *
The plant is engulfed in a cloud of scalding steam. x2
The sleepcap is engulfed in a cloud of scalding steam.
The sleepcap releases spores at you.
You die...

.. ♣♣~ ~♣~♣♣~
...♣P~~♣♣~~~~~~
.♣P♣PP~~~~≈≈≈~≈
♣~~~~♣~P≈≈≈≈≈≈≈
~~~~~~~~≈≈≈≈≈≈≈≈
♣~~~~~~§≈≈§≈≈≈≈≈
♣~~~~~Pf§§≈≈≈≈≈≈
#~♣~P~♣~§P@§§≈≈≈≈≈
#.(♣~P~♣~§§§§≈≈≈≈≈≈
.....P♣~~~PP~≈~≈≈≈≈≈
.......P♣~~~~~~~~≈~≈
........♣♣~♣♣~~~~P~~
..........♣~~~P♣♣~~~♣
........<...##~♣ ♣P~~
............# ## .#
............#####...


You could see a sleepcap.

Vanquished Creatures
  An iguana (D:3)
  2 orc wizards (D:3)
  2 adders (D:3)
  A worm (D:4)
  4 dart slugs
  9 orcs (D:3)
  3 endoplasms
  5 giant cockroaches
  2 jackals (D:2)
  2 quokkas
  8 ball pythons
  3 bats
  2 frilled lizards
  5 goblins
  4 kobolds
  6 rats
59 creatures vanquished.

Notes
Turn   | Place    | Note
-------+----------+-------------------------------------------
     0 | D:1      | pokeman the Deep Elf Hedge Wizard began the quest for the
                  | Orb.
     0 | D:1      | Reached XP level 1. HP: 10/10 MP: 7/7
   369 | D:1      | Reached XP level 2. HP: 16/16 MP: 5/9
   403 | D:1      | You fall into a shaft and drop 1 floor!
   950 | D:1      | Reached skill level 5 in Spellcasting
  1361 | D:1      | Found a faded altar of an unknown god.
  1415 | D:1      | Reached XP level 3. HP: 20/20 MP: 9/11
  1419 | D:1      | Learned a level 3 spell: Mephitic Cloud
  1422 | D:1      | Learned a level 2 spell: Call Imp
  1425 | D:1      | Learned a level 2 spell: Blink
  2341 | D:3      | Reached skill level 1 in Armour
  2356 | D:3      | Reached skill level 1 in Fighting
  2356 | D:3      | Reached XP level 4. HP: 25/25 MP: 0/13
  2804 | D:3      | Found a burning altar of Makhleb.
  2826 | D:3      | Learned a level 4 spell: Flame Wave
  3167 | D:3      | Reached skill level 6 in Spellcasting
  3167 | D:3      | Reached XP level 5. HP: 19/29 MP: 6/15
  3634 | D:4      | Slain by a sleepcap

Illustrated notes

Levels and vault maps discovered:
D:1:      heliophobic_arrival_battle_scene, layout_basic,
          shapermc_ecumenical_altar_notcrosses
D:2:      layout_basic, minmay_misc_feat_enclosed
D:3:      minmay_wonky_spiral, layout_loops_ring, lemuel_doored_altar,
          grunt_decor_junction
D:4:      layout_cave_pods, hellmonk_ghost_happy_afterlife, serial_bayou_lake_a

Skill      XL: |  1  2  3  4  5 |
---------------+----------------+-----
Spellcasting   | 5 6 |  6.2
Armour         | 1 |  1.1
Fighting       | 1 |  1.0
Conjurations   | 2 |  2.5
Stealth        | 3 |  3.0
Dodging        | 3 |  3.0
Summonings     | |  1.1
Translocations | |  1.1
Poison Magic   | |  0.4

Action                     |  1- 3 |  4- 6 || total
---------------------------+-------+-------++-------
  Melee: Whip              |     1 |    13 ||    14
   Cast: Magic Dart        |    93 |    72 ||   165
         Mephitic Cloud    |     1 |     2 ||     3
         Flame Wave        |       |     1 ||     1
   Stab: Confused          |       |     2 ||     2
 Armour: Robe              |     4 |    14 ||    18
  Dodge: Dodged            |    11 |    12 ||    23

Table legend: (Time is in decaauts)
 A = Elapsed time spent in this place.
 B = Non-inter-level travel time spent in this place.
 C = Inter-level travel time spent in this place.
 D = Time resting spent in this place.
 E = Time spent auto-exploring this place.
 F = Levels seen in this place.
 G = Mean time per level.
                   A        B        C        D        E       F      G
               +--------+--------+--------+--------+--------+-----+--------+
         Total |   3632 |   3540 |     92 |      0 |   3198 |   4 |  908.0 |
       Dungeon |   3632 |   3540 |     92 |      0 |   3198 |   4 |  908.0 |
               +--------+--------+--------+--------+--------+-----+--------+

Top non-repeatable levels by time:
     D:3: 1271 daAuts
     D:1: 1209 daAuts
     D:2: 1061 daAuts
     D:4: 90 daAuts
